SAL
KANNAPOLIS INTIMIDATORS @ GREENSBORO GRASSHOPPERS
06/20/2098
 
TOP OF THE 1ST
Kannapolis Intimidators batting - Pitching for Greensboro Grasshoppers : RHP Ashley Rodda
Pitching: RHP Ashley Rodda
Batting: RHB John Iglesias 0-0: Ball
1-0: Ball
2-0: Foul Ball, location: 9LMF
2-1: Fly out, F9 (Flyball, 9LM, EV 93.8 MPH)
Batting: RHB Jon Newell 0-0: Ball
1-0: Called Strike
1-1: Foul Ball, location: 2F
1-2: Ball
2-2: Ball
3-2: SOLO HOME RUN (Line Drive, 9D, EV 100.6 MPH), Distance : 414 ft
Batting: RHB Justin McWilliams 0-0: Ball
1-0: Foul Ball, location: 2F
1-1: Ball
2-1: Fly out, F8 (Flyball, 8RM, EV 91.9 MPH)
Batting: RHB Aaron Morgan 0-0: Ball
1-0: Ball
2-0: Foul Ball, location: 7LSF
2-1: Foul Ball, location: 25F
2-2: SINGLE (Line Drive, 9S, EV 97.5 MPH)
Batting: LHB Tom Jarvis 0-0: Ball
1-0: Foul Ball, location: 3F
1-1: Ball
2-1: Fly out, F5 (Popup, 5, EV 62.5 MPH)
Top of the 1st over - 1 run, 2 hits, 0 errors, 1 left on base; Kannapolis 1 - Greensboro 0
BOTTOM OF THE 1ST
Greensboro Grasshoppers batting - Pitching for Kannapolis Intimidators : LHP Alan Rimmer
Pitching: LHP Alan Rimmer
Batting: RHB Chris Kern 0-0: Ball
1-0: Ball
2-0: Swinging Strike
2-1: Foul Ball, location: 2F
2-2: Ground out 4-3 (Groundball, 4, EV 78.1 MPH)
Batting: RHB Walker Ridler 0-0: Swinging Strike
0-1: Swinging Strike
0-2: Strikes out swinging
Batting: LHB Jake King 0-0: Called Strike
0-1: Ball
1-1: Fly out, F9 (Flyball, 89D, EV 88.8 MPH)
Bottom of the 1st over - 0 runs, 0 hits, 0 errors, 0 left on base; Kannapolis 1 - Greensboro 0
TOP OF THE 2ND
Kannapolis Intimidators batting - Pitching for Greensboro Grasshoppers : RHP Ashley Rodda
Batting: SHB Jeremy Nussbaum 0-0: Ball
1-0: Ball
2-0: DOUBLE (Flyball, 89D, EV 96.3 MPH)
Batting: LHB Nick Lindberg 0-0: Called Strike
0-1: Swinging Strike
0-2: Ball
1-2: Ball
2-2: Ball
3-2: Fly out, F9 (Flyball, 89D, EV 100.0 MPH)
Batting: RHB Matt Schmidl 0-0: Foul Ball, location: 9LDF
0-1: Fly out, F6 (Popup, P, EV 85.0 MPH)
Batting: RHB Bobby Richards 0-0: Called Strike
0-1: Ball
1-1: Ball
2-1: Ball
3-1: Fly out, F6 (Popup, 6MD, EV 48.8 MPH)
Top of the 2nd over - 0 runs, 1 hit, 0 errors, 1 left on base; Kannapolis 1 - Greensboro 0
BOTTOM OF THE 2ND
Greensboro Grasshoppers batting - Pitching for Kannapolis Intimidators : LHP Alan Rimmer
Batting: RHB Jamie Klein 0-0: Ball
1-0: Swinging Strike
1-1: Foul Ball, location: 9LMF
1-2: Ball
2-2: Ball
3-2: Ground out 1-3 (Groundball, 15, EV 70.6 MPH)
Batting: RHB Dusty Evans 0-0: Called Strike
0-1: Foul Ball, location: 5SF
0-2: Foul Ball, location: 5F
0-2: Strikes out swinging, 2-3 out at first.
Batting: LHB Roy Connolly 0-0: Called Strike
0-1: Ball
1-1: Ball
2-1: Ball
3-1: Base on Balls
Batting: SHB Marco Chapa 0-0: Ball
1-0: Foul Ball, location: 9LDF
1-1: Ball
2-1: Foul Ball, location: 2F
2-2: Foul Ball, location: 2F
2-2: Strikes out looking
Bottom of the 2nd over - 0 runs, 0 hits, 0 errors, 1 left on base; Kannapolis 1 - Greensboro 0
TOP OF THE 3RD
Kannapolis Intimidators batting - Pitching for Greensboro Grasshoppers : RHP Ashley Rodda
Batting: RHB John Iglesias 0-0: Foul Ball, location: 2F
0-1: Foul Ball, location: 3FF
0-2: Ball
1-2: Ground out 3-1 (Groundball, 34, EV 79.4 MPH)
Batting: RHB Jon Newell 0-0: Ball
1-0: Called Strike
1-1: Foul Ball, location: 2F
1-2: Fly out, F3 (Line Drive, 3, EV 69.4 MPH)
Batting: RHB Justin McWilliams 0-0: Ground out 5-3 (Groundball, 56S, EV 70.0 MPH)
Top of the 3rd over - 0 runs, 0 hits, 0 errors, 0 left on base; Kannapolis 1 - Greensboro 0
BOTTOM OF THE 3RD
Greensboro Grasshoppers batting - Pitching for Kannapolis Intimidators : LHP Alan Rimmer
Batting: LHB Jim Unknown 0-0: Called Strike
0-1: Ball
1-1: Swinging Strike
1-2: Ball
2-2: Strikes out swinging
Batting: RHB Jim Unknown 0-0: Ball
1-0: Ground out 4-3 (Groundball, 4, EV 101.3 MPH)
Batting: RHB Chris Kern 0-0: Called Strike
0-1: Swinging Strike
0-2: Strikes out looking
Bottom of the 3rd over - 0 runs, 0 hits, 0 errors, 0 left on base; Kannapolis 1 - Greensboro 0
TOP OF THE 4TH
Kannapolis Intimidators batting - Pitching for Greensboro Grasshoppers : RHP Ashley Rodda
Batting: RHB Aaron Morgan 0-0: Ground out 6-3 (Groundball, 56, EV 82.5 MPH)
Batting: LHB Tom Jarvis 0-0: Ball
1-0: Foul Ball, location: 2F
1-1: TRIPLE (Flyball, 9D, EV 103.8 MPH)
Batting: SHB Jeremy Nussbaum 0-0: Fly out, F7 (Flyball, 78S, EV 76.9 MPH)
Batting: LHB Nick Lindberg 0-0: SINGLE (Line Drive, 89S, EV 94.4 MPH)
Tom Jarvis scores
Batting: RHB Matt Schmidl 0-0: Ground out 4-3 (Groundball, 4, EV 86.9 MPH)
Top of the 4th over - 1 run, 2 hits, 0 errors, 1 left on base; Kannapolis 2 - Greensboro 0
BOTTOM OF THE 4TH
Greensboro Grasshoppers batting - Pitching for Kannapolis Intimidators : LHP Alan Rimmer
Batting: RHB Walker Ridler 0-0: Called Strike
0-1: Ball
1-1: Ball
2-1: Swinging Strike
2-2: Strikes out swinging
Batting: LHB Jake King 0-0: Ball
1-0: Ball
2-0: Ball
3-0: Base on Balls
Batting: RHB Jamie Klein 0-0: Ball
1-0: Foul Ball, location: 9LMF
1-1: Foul Ball, location: 2F
1-2: Ball
2-2: Foul Ball, location: 2F
2-2: Ball
3-2: SINGLE (Groundball, 4D, EV 97.5 MPH)
Jake King to second
Jake King to third
Batting: RHB Dusty Evans 0-0: Ball
1-0: Swinging Strike
1-1: Ball
2-1: Called Strike
2-2: Strikes out swinging
Batting: LHB Roy Connolly 0-0: Called Strike
0-1: Foul Ball, location: 7LMF
0-2: Strikes out swinging
Bottom of the 4th over - 0 runs, 1 hit, 0 errors, 2 left on base; Kannapolis 2 - Greensboro 0
TOP OF THE 5TH
Kannapolis Intimidators batting - Pitching for Greensboro Grasshoppers : RHP Ashley Rodda
Batting: RHB Bobby Richards 0-0: Called Strike
0-1: SINGLE (Groundball, 6M, EV 87.5 MPH)
Batting: RHB John Iglesias 0-0: Fly out, F8 (Flyball, 8LM, EV 96.3 MPH)
Batting: RHB Jon Newell 0-0: Grounds into double play, 6-4-3 (Groundball, 6, EV 89.4 MPH)
Top of the 5th over - 0 runs, 1 hit, 0 errors, 0 left on base; Kannapolis 2 - Greensboro 0
BOTTOM OF THE 5TH
Greensboro Grasshoppers batting - Pitching for Kannapolis Intimidators : LHP Alan Rimmer
Batting: SHB Marco Chapa 0-0: Foul Ball, location: 25FF
0-1: Swinging Strike
0-2: Strikes out swinging
Batting: LHB Jim Unknown 0-0: Ball
1-0: Called Strike
1-1: Ball
2-1: Swinging Strike
2-2: Foul Ball, location: 25F
2-2: Ball
3-2: Strikes out swinging
Batting: RHB Jim Unknown 0-0: SINGLE (Groundball, 4MD, EV 96.3 MPH)
Batting: RHB Chris Kern 0-0: Ball
1-0: 2-RUN HOME RUN (Flyball, 7LD, EV 96.3 MPH), Distance : 342 ft
Batting: RHB Walker Ridler 0-0: Ball
1-0: Ball
2-0: Ball
3-0: Base on Balls
Batting: LHB Jake King 0-0: Foul Ball, location: 2F
0-1: Foul Ball, location: 2F
0-2: Fly out, F8 (Flyball, 8LM, EV 89.4 MPH)
Bottom of the 5th over - 2 runs, 2 hits, 0 errors, 1 left on base; Kannapolis 2 - Greensboro 2
TOP OF THE 6TH
Kannapolis Intimidators batting - Pitching for Greensboro Grasshoppers : RHP Ashley Rodda
Batting: RHB Justin McWilliams 0-0: Foul Ball, location: 7LSF
0-1: Called Strike
0-2: Foul Ball, location: 2F
0-2: Ball
1-2: SINGLE (Line Drive, 4MD, EV 102.5 MPH)
Batting: RHB Aaron Morgan 0-0: Swinging Strike
0-1: Ball
1-1: Ball
2-1: Ball
3-1: Foul Ball, location: 2F
3-2: Foul Ball, location: 2F
3-2: Base on Balls
Justin McWilliams to second
Pitching: RHP Julio Nunez
Batting: LHB Tom Jarvis 0-0: Ball
1-0: Called Strike
1-1: Foul Ball, location: 2F
1-2: Foul Ball, location: 23F
1-2: SINGLE (Flyball, 6MD, EV 90.0 MPH)
Justin McWilliams to third
Aaron Morgan to second
Batting: SHB Jeremy Nussbaum 0-0: Ball
1-0: Swinging Strike
1-1: Grounds into fielders choice 3-2 (Groundball, 3, EV 100.0 MPH)
Aaron Morgan to third
Tom Jarvis to second
Batting: LHB Nick Lindberg 0-0: Foul Ball, location: 5F
0-1: Grounds into double play, 4-6-3 (Groundball, 4, EV 89.4 MPH)
Top of the 6th over - 0 runs, 2 hits, 0 errors, 2 left on base; Kannapolis 2 - Greensboro 2
BOTTOM OF THE 6TH
Greensboro Grasshoppers batting - Pitching for Kannapolis Intimidators : LHP Alan Rimmer
Batting: RHB Jamie Klein 0-0: Ground out 6-3 (Groundball, 6, EV 86.3 MPH)
Batting: RHB Dusty Evans 0-0: Fly out, F8 (Flyball, 8LXD, EV 105.6 MPH)
Batting: LHB Roy Connolly 0-0: Called Strike
0-1: Ball
1-1: Swinging Strike
1-2: Strikes out swinging
Bottom of the 6th over - 0 runs, 0 hits, 0 errors, 0 left on base; Kannapolis 2 - Greensboro 2
TOP OF THE 7TH
Kannapolis Intimidators batting - Pitching for Greensboro Grasshoppers : RHP Julio Nunez
Batting: RHB Matt Schmidl 0-0: Swinging Strike
0-1: Swinging Strike
0-2: Ball
1-2: Strikes out looking
Batting: RHB Bobby Richards 0-0: Ball
1-0: Swinging Strike
1-1: Ball
2-1: Ball
3-1: Base on Balls
Batting: RHB John Iglesias 0-0: Ball
1-0: Called Strike
1-1: Swinging Strike
1-2: Ball
2-2: Grounds into double play, 6-4-3 (Groundball, 56, EV 82.5 MPH)
Top of the 7th over - 0 runs, 0 hits, 0 errors, 0 left on base; Kannapolis 2 - Greensboro 2
BOTTOM OF THE 7TH
Greensboro Grasshoppers batting - Pitching for Kannapolis Intimidators : LHP Alan Rimmer
Batting: SHB Marco Chapa 0-0: Foul Ball, location: 2F
0-1: Swinging Strike
0-2: Strikes out looking
Pitching: RHP Bob Renny
Batting: LHB Jim Unknown 0-0: Ball
1-0: Ball
2-0: Foul Ball, location: 7LMF
2-1: Called Strike
2-2: Ball
3-2: Strikes out swinging
Batting: RHB Jim Unknown 0-0: Ball
1-0: Fly out, F7 (Flyball, 7S, EV 91.3 MPH)
Bottom of the 7th over - 0 runs, 0 hits, 0 errors, 0 left on base; Kannapolis 2 - Greensboro 2
TOP OF THE 8TH
Kannapolis Intimidators batting - Pitching for Greensboro Grasshoppers : RHP Julio Nunez
Pitching: LHP Alfredo Concepcion
Batting: RHB Jon Newell 0-0: Ball
1-0: Foul Ball, location: 9LDF
1-1: Ball
2-1: Ball
3-1: Ground out 4-3 (Groundball, 34, EV 101.9 MPH)
Batting: RHB Justin McWilliams 0-0: Ball
1-0: Foul Ball, location: 2F
1-1: Ball
2-1: Foul Ball, location: 9LDF
2-2: Fly out, F4 (Flyball, 34D, EV 88.1 MPH)
Batting: RHB Aaron Morgan 0-0: Ground out 1-3 (Groundball, 23, EV 58.8 MPH)
Top of the 8th over - 0 runs, 0 hits, 0 errors, 0 left on base; Kannapolis 2 - Greensboro 2
BOTTOM OF THE 8TH
Greensboro Grasshoppers batting - Pitching for Kannapolis Intimidators : RHP Bob Renny
Pitching: RHP Tony Gomez
Batting: RHB Chris Kern 0-0: Ball
1-0: Called Strike
1-1: Foul Ball, location: 7LSF
1-2: Ball
2-2: Ground out 6-3 (Groundball, 6MS, EV 69.4 MPH)
Batting: RHB Walker Ridler 0-0: Called Strike
0-1: Ball
1-1: Called Strike
1-2: Strikes out swinging
Batting: LHB Jake King 0-0: Ball
1-0: Called Strike
1-1: Swinging Strike
1-2: Strikes out swinging
Bottom of the 8th over - 0 runs, 0 hits, 0 errors, 0 left on base; Kannapolis 2 - Greensboro 2
TOP OF THE 9TH
Kannapolis Intimidators batting - Pitching for Greensboro Grasshoppers : LHP Alfredo Concepcion
Batting: LHB Tom Jarvis 0-0: Ball
1-0: Foul Ball, location: 2F
1-1: DOUBLE (Line Drive, 9LM, EV 99.4 MPH)
Batting: SHB Jeremy Nussbaum 0-0: Ball
1-0: Fly out, F4 (Popup, 23, EV 90.0 MPH)
Batting: LHB Nick Lindberg 0-0: Ball
1-0: Foul Ball, location: 9LDF
1-1: Foul Ball, location: 2F
1-2: Ball
2-2: Strikes out swinging
Batting: RHB Matt Schmidl 0-0: Ground out 5-3 (Groundball, 56, EV 81.3 MPH)
Top of the 9th over - 0 runs, 1 hit, 0 errors, 1 left on base; Kannapolis 2 - Greensboro 2
BOTTOM OF THE 9TH
Greensboro Grasshoppers batting - Pitching for Kannapolis Intimidators : RHP Tony Gomez
Batting: RHB Jamie Klein 0-0: Foul Ball, location: 3F
0-1: Ball
1-1: Ball
2-1: Ground out 5-3 (Groundball, 56, EV 86.3 MPH)
Batting: RHB Dusty Evans 0-0: Called Strike
0-1: Ball
1-1: Ball
2-1: Fly out, F4 (Line Drive, 4M, EV 65.6 MPH)
Batting: LHB Roy Connolly 0-0: Foul Ball, location: 5F
0-1: Ball
1-1: Ball
2-1: Ball
3-1: Ground out U3 (Groundball, 3, EV 82.5 MPH)
Bottom of the 9th over - 0 runs, 0 hits, 0 errors, 0 left on base; Kannapolis 2 - Greensboro 2
TOP OF THE 10TH
Kannapolis Intimidators batting - Pitching for Greensboro Grasshoppers : LHP Alfredo Concepcion
Matt Schmidl starts the inning at 2nd base.
Batting: RHB Bobby Richards 0-0: Ball
1-0: Called Strike
1-1: 2-RUN HOME RUN (Flyball, 7D, EV 90.6 MPH), Distance : 362 ft
Batting: RHB John Iglesias 0-0: Ball
1-0: Foul Ball, location: 7LSF
1-1: Foul Ball, location: 2F
1-2: Ball
2-2: Ball
3-2: Foul Ball, location: 23F
3-2: SINGLE (Line Drive, 4D, EV 102.5 MPH)
Batting: RHB Jon Newell 0-0: Swinging Strike
0-1: Fly out, F9 (Line Drive, 9S, EV 88.1 MPH)
Batting: RHB Justin McWilliams 0-0: Called Strike
0-1: Ball
1-1: Called Strike
1-2: Ball
2-2: Ground out 4-3 (Groundball, 34, EV 106.3 MPH)
John Iglesias to second
Batting: RHB Aaron Morgan 0-0: Swinging Strike
0-1: Ball
1-1: Foul Ball, location: 7LSF
1-2: Strikes out swinging
Top of the 10th over - 2 runs, 2 hits, 0 errors, 1 left on base; Kannapolis 4 - Greensboro 2
BOTTOM OF THE 10TH
Greensboro Grasshoppers batting - Pitching for Kannapolis Intimidators : RHP Tony Gomez
Roy Connolly starts the inning at 2nd base.
Now in LF: Jon Arroyo
Pinch Hitting: SHB Jim Unknown 0-0: Foul Ball, location: 5FF
0-1: Swinging Strike
0-2: Ball
1-2: Ball
2-2: Foul Ball, location: 2RF
2-2: Foul Ball, location: 9LDF
2-2: Strikes out looking
Batting: LHB Jim Unknown 0-0: Called Strike
0-1: Ball
1-1: Swinging Strike
1-2: Ball
2-2: Ball
3-2: Fly out, F9 (Flyball, 9S, EV 80.0 MPH)
Pinch Hitting: LHB Jim Unknown 0-0: Foul Ball, location: 2F
0-1: Foul Ball, location: 2F
0-2: Foul Ball, location: 2F
0-2: Foul Ball, location: 2RF
0-2: Strikes out swinging
Bottom of the 10th over - 0 runs, 0 hits, 0 errors, 1 left on base; Kannapolis 4 - Greensboro 2
Sunday, April 7th , 2024 - OOTP Baseball 24.11 Build 85